 Dungeon Crawl Stone Soup version 0.31-a0-187-gba352fbbf7 (webtiles) character file.

Game seed: 3994420511543429903

103 qw the Shooter (level 4, -1/25 HPs)
             Began as a Deep Elf Hunter on June 22, 2023.
             Slain by a cerulean imp
             ... wielding a +1 spear
             ... summoned by Natasha
              (2 damage)
             ... on level 2 of the Dungeon.
             The game lasted 00:00:33 (979 turns).

qw the Shooter (Deep Elf Hunter)                     Turns: 979, Time: 00:00:33

Health: -1/25      AC:  5    Str: 10    XL:     4   Next: 51%
Magic:  6/6        EV: 11    Int: 14    God:
Gold:   36         SH:  0    Dex: 18    Spells: 3/3 levels left

rFire   . . .        Y - +0 shortbow
rCold   . . .        (shield currently unavailable)
rNeg    . . .        k - +0 ring mail
rPois   .            (no helmet)
rElec   .            (no cloak)
rCorr   .            (no gloves)
SInv    .            (no boots)
Will    .....        (no amulet)
Stlth   +            (no ring)
HPRegen 0.24/turn    (no ring)
MPRegen 0.10/turn

%: no passive effects
@: no status effects
A: no striking features
a: no special abilities


You were on level 2 of the Dungeon.
You visited 1 branch of the dungeon, and saw 2 of its levels.

You collected 36 gold pieces.


   Skills:
 - Level 1.5 Fighting
 + Level 7.9 Ranged Weapons
 - Level 2.4 Dodging
 - Level 1.2 Stealth


You had 3 spell levels left.
You didn't know any spells.
Your spell library was empty.

Inventory:

Hand Weapons
 Y - a +0 shortbow (weapon)
Armour
 k - a +0 ring mail (worn)
Scrolls
 f - a scroll of identify
Potions
 a - a potion of magic {unknown}
 e - a potion of haste
 h - a potion of heal wounds {unknown}
 l - a potion of curing {unknown}

Dungeon Overview and Level Annotations

Branches:
Dungeon (2/15)

Altars:

Annotations:
D:2 Natasha


Message History

The cerulean imp hits you from afar with a +1 spear.
You shoot an arrow. The arrow hits the jackal!
You kill the jackal!
Natasha mumbles some strange words.
Natasha shimmers violently.
Natasha mumbles some strange words.
A ball python comes into view.
The jackal bites you.
The cerulean imp hits you from afar with a +1 spear.
The ball python moves out of view.
You shoot an arrow. The arrow misses the jackal.
The arrow closely misses Natasha.
The arrow hits the cerulean imp.
The cerulean imp is moderately wounded.
The jackal bites you but does no damage.
The cerulean imp barely misses you. The jackal barely misses you.
You shoot an arrow. The arrow completely misses the jackal.
The arrow hits Natasha.
Natasha is heavily wounded.
The jackal completely misses you. The cerulean imp barely misses you.
Natasha casts a spell.
You shoot an arrow. The arrow hits the jackal.
The jackal is almost dead.
The jackal barely misses you. The cerulean imp closely misses you.
The jackal bites you but does no damage.
You shoot an arrow. The arrow hits the jackal.
You kill the jackal!
The bat barely misses you.
The cerulean imp hits you from afar with a +1 spear.
The cerulean imp misses you.
You shoot an arrow.
The arrow hits the bat but does no damage.
The bat barely misses you.
The cerulean imp hits you but does no damage.
The bat hits you but does no damage. The cerulean imp misses you.
You shoot an arrow. The arrow hits the bat.
You kill the bat!
The cerulean imp completely misses you. Natasha claws you.
The cerulean imp hits you from afar with a +2 spear. x2
The cerulean imp hits you from afar with a +1 spear.
You die... .# ##.# # %..#.# #..#. ##.S. ####### 555

#.....# #h#
####.....#######@#
......%....%.....#
####.....#########
#...<.# ##..###
#..# #..# #..#
#..#


You could see Natasha (fast), 3 cerulean imps and a ball python.

Vanquished Creatures
  Natasha (twice) (D:2)
  An adder (D:2)
  A dart slug (D:1)
  6 bats
  2 endoplasms (D:1)
  A giant cockroach (D:2)
  3 hobgoblins
  7 jackals (D:2)
  A quokka (D:1)
  2 frilled lizards (D:1)
  5 goblins
  6 kobolds (D:1)
  4 rats (D:1)
41 creatures vanquished.

Notes
Turn   | Place    | Note
-------+----------+-------------------------------------------
     0 | D:1      | qw the Deep Elf Hunter began the quest for the Orb.
     0 | D:1      | Reached XP level 1. HP: 12/12 MP: 3/3
     0 | D:1      | 0 ||| qw: Version: 0.3-a-9-g12657ce
     0 | D:1      | 0 ||| qw: Game counter: 2225
     0 | D:1      | 0 ||| qw: Always use a shield: true
     0 | D:1      | 0 ||| qw: God list: Okawaru
     0 | D:1      | 0 ||| qw: Allow faded altars: false
     0 | D:1      | 0 ||| qw: Do Orc after D:15 true
     0 | D:1      | 0 ||| qw: Do second Lair branch before Depths: true
     0 | D:1      | 0 ||| qw: Lair rune preference: random
     0 | D:1      | 0 ||| qw: Plans: Normal
     0 | D:1      | 0 ||| PLANNING D:1-11
   159 | D:1      | Reached XP level 2. HP: 16/16 MP: 4/4
   222 | D:1      | Reached skill level 6 in Ranged Weapons
   587 | D:1      | 587 ||| UPGRADING to +0 ring mail.
   597 | D:1      | 597 ||| DROPPING +0 leather armour.
   598 | D:1      | 598 ||| READING 2 scrolls labelled HIEXTE ANGUSMI.
   599 | D:1      | 599 ||| READING 2 scrolls labelled SOAVVE ZALUUDIFIF.
   600 | D:1      | 600 ||| READING scroll labelled ROIRYSTR YTIQEM.
   601 | D:1      | 601 ||| READING 2 scrolls labelled UDUNAM TEJYU.
   602 | D:1      | 602 ||| READING scroll labelled LORRUCERPHOA.
   606 | D:1      | 606 ||| DROPPING scroll of blinking.
   607 | D:1      | 607 ||| DROPPING scroll of butterflies.
   608 | D:1      | 608 ||| DROPPING scroll of poison.
   654 | D:2      | 654 ||| STAIRDANCE
   660 | D:1      | Reached XP level 3. HP: 15/20 MP: 5/5
   688 | D:2      | Noticed Natasha
   691 | D:2      | Killed Natasha
   692 | D:2      | Reached skill level 7 in Ranged Weapons
   790 | D:2      | Noticed Natasha
   792 | D:2      | 792 ||| FLEEEEING.
   793 | D:2      | 793 ||| FLEEEEING.
   794 | D:2      | 794 ||| FLEEEEING.
   799 | D:2      | HP: 1/20 [Natasha/magic dart (7)]
   800 | D:2      | Killed Natasha
   801 | D:2      | Reached XP level 4. HP: 2/25 MP: 6/6
   851 | D:2      | 851 ||| FLEEEEING.
   857 | D:2      | 857 ||| STAIRDANCE
   967 | D:2      | Noticed Natasha
   979 | D:2      | HP: 6/25 [Natasha (6)]
   979 | D:2      | HP: 1/25 [cerulean imp/+2 spear[Natasha] (4)]
   979 | D:2      | Slain by a cerulean imp

Levels and vault maps discovered:
D:1:      dpeg_arrival_rooms_b, layout_loops_cross
D:2:      layout_loops_ring, minmay_randomly_rotated_circles, uniq_natasha

Skill      XL: |  1  2  3 |
---------------+----------+-----
Ranged Weapons | 6 7 |  7.9
Fighting       | |  1.5
Dodging        | |  2.4
Stealth        | |  1.2

Action                     |  1- 3 |  4- 6 || total
---------------------------+-------+-------++-------
   Fire: Shortbow          |    99 |    31 ||   130
    Use: Scroll            |     5 |       ||     5
 Armour: Leather armour    |     7 |       ||     7
         Ring mail         |     4 |    11 ||    15
  Dodge: Dodged            |    40 |    14 ||    54

Table legend:
 A = Non-vault XP
 B = Vault XP
 C = Vault XP percentage of total XP
 D = Non-vault monster count
 E = Vault monster count
 F = Vault count percentage of total count
                 A         B        C        D         E       F
            +---------+---------+-------+---------+---------+-------
      Total |     112 |      37 |  24.8 |      40 |       1 |   2.4
            +---------+---------+-------+---------+---------+-------
        D:1 |      41 |       0 |   0.0 |      26 |       0 |   0.0
        D:2 |      71 |      37 |  34.3 |      14 |       1 |   6.7
            +---------+---------+-------+---------+---------+-------
